 Dungeon Crawl Stone Soup version 0.29-a0-1027-gcd8c55af63 (webtiles) character file.

Game seed: 15780028159475774967

32 wingedge the Charlatan (level 3, -1/26 HPs)
             Began as a Human Wanderer on Aug 13, 2022.
             Succumbed to a goblin's poison
             ... on level 2 of the Dungeon.
             The game lasted 00:04:40 (1496 turns).

wingedge the Charlatan (Human Wanderer)             Turns: 1496, Time: 00:04:41

Health: -1/26      AC:  2    Str: 14    XL:     3   Next: 42%
Magic:  4/4        EV: 10    Int: 11    God:
Gold:   70         SH:  7    Dex: 19    Spells: 3/4 levels left

rFire   . . .      SeeInvis .   s - +0 short sword
rCold   . . .      Faith    .   e - +2 buckler
rNeg    . . .      Spirit   .   d - +0 robe
rPois   .          Reflect  .   (no helmet)
rElec   .          Harm     .   (no cloak)
rCorr   .          Rampage  .   (no gloves)
Will    .....                   (no boots)
Stlth   ++........              (no amulet)
HPRegen 0.08/turn               p - +6 ring of strength
MPRegen 0.09/turn               (no ring)

@: mighty, lethally poisoned (-1 -> -21)
A: no striking features
a: no special abilities


You were on level 2 of the Dungeon.
You visited 1 branch of the dungeon, and saw 2 of its levels.

You collected 109 gold pieces.
You spent 39 gold pieces at shops.

Inventory:

Hand Weapons
 a - a +0 dagger
 h - a +0 hand axe
 i - a +0 sling
 s - a +0 short sword (weapon)
Armour
 d - a +0 robe (worn)
 e - a +2 buckler (worn)
 k - a +0 leather armour
Jewellery
 o - an amulet of faith
 p - a +6 ring of strength (left hand)
Scrolls
 g - 2 scrolls of noise
 j - a scroll of vulnerability
 n - a scroll of fear {unknown}
Potions
 c - a potion of attraction
 m - a potion of flight {unknown}
 r - a potion of degeneration {unknown}
Miscellaneous
 b - a piece from Xom's chessboard (15/15)


   Skills:
 - Level 1.0 Fighting
 + Level 2.1 Ranged Weapons
 - Level 2.0 Armour
 - Level 2.0 Shields
 - Level 1.0 Spellcasting
 - Level 2.0 Summonings
 - Level 3.0 Evocations


You had 3 spell levels left.
You knew the following spells:

 Your Spells              Type           Power      Damage    Failure   Level
a - Summon Small Mammal   Summ           16%        N/A       19%         1

Your spell library contained the following spells:

 Spells                   Type           Power      Damage    Failure   Level
 Summon Guardian Golem    Hex/Summ       2%         N/A       63%         3


Dungeon Overview and Level Annotations

Branches:
Dungeon (2/15)

Altars:

Shops:
D:1 :(?(


Message History

You shoot a sling bullet.
The sling bullet barely misses the goblin.
The goblin hits you with a +1 dagger of venom.
You are lethally poisoned!
Fire: i) +0 sling
Press: ? - help, Q - select action, (/) - cycle Shift-Dir - straight line, f/p - goblin
Aim: a goblin, wielding a +1 dagger of venom (51% to hit)
You shoot a sling bullet.
The sling bullet barely misses the goblin.
* * * LOW HITPOINT WARNING * * *
You feel very sick. You block the goblin's attack.
You feel better. The goblin hits you but does no damage.
You are poisoned.
As you read the scroll labelled RIGITSI TUTAR, it crumbles to dust.
You hear a loud clanging noise!
It was a scroll of noise.
You feel sick.
You hear a shout!
You hear an angry hiss. x2
The goblin hits you with a +1 dagger of venom.
Okay, then.
Okay, then.
You feel better.
The goblin hits you with a +1 dagger of venom.
You are poisoned.
It was a potion of might.
You feel very mighty all of a sudden.
You feel sick.
The goblin hits you with a +1 dagger of venom.
* * * LOW HITPOINT WARNING * * *
You are lethally poisoned!
Okay, then.
Really attack while wielding your +0 sling?
Okay, then.
s - a +0 short sword (weapon)
* * * LOW HITPOINT WARNING * * *
You feel very sick. The goblin barely misses you.
You puncture the goblin!
You kill the goblin!
You die...

#.#######.#.###.# ##
#.........#.# #.#
########..#.# #.#
..........#.# #.#
#########†##.# #.#
#.........##.# #.#
###########.##########..
...
#...........############
#.#########....@)g...#
#.# #.<....######.#...#
#.###..##### #..g......#
#......# #..##..#....#
#.####.# #(# .#.. ...#
##.####.##### # #.. ..#
#...........# ..# ..
##.###......# ... .
##.###......# #...


You could see a goblin.

Vanquished Creatures
  A worm (D:2)
  A dart slug (D:2)
  A ball python (D:1)
  5 bats
  2 endoplasms
  3 giant cockroaches (D:2)
  3 goblins
  A hobgoblin (D:2)
  2 kobolds (D:1)
  A quokka (D:2)
  5 frilled lizards
  2 rats (D:2)
27 creatures vanquished.

Vanquished Creatures (collateral kills)
  A rat (D:1)
1 creature vanquished.

Grand Total: 28 creatures vanquished

Notes
Turn   | Place    | Note
-------+----------+-------------------------------------------
     0 | D:1      | wingedge the Human Wanderer began the quest for the Orb.
     0 | D:1      | wingedge set off with the following items: a +0 dagger, a
                  | piece from Xom's chessboard (15/15), a potion of
                  | attraction, a +0 robe, a +2 buckler; and the following
                  | spell memorised: Summon Small Mammal; and the following
                  | spells available to memorise: Summon Guardian Golem.
     0 | D:1      | Reached XP level 1. HP: 15/15 MP: 2/2
   105 | D:1      | Found Otots's Weapon Emporium.
   132 | D:1      | Bought a +0 sling for 15 gold pieces
   223 | D:1      | Found Roidar's Book Shop.
   321 | D:1      | Reached XP level 2. HP: 14/21 MP: 3/3
   444 | D:1      | Found Qoehun's Weapon Emporium.
   579 | D:1      | Found Neodiff's Magic Scroll Shoppe.
   582 | D:1      | Bought a scroll of identify for 24 gold pieces
  1056 | D:2      | Reached skill level 1 in Ranged Weapons
  1070 | D:2      | Identified the +2 leather armour of Immorality {Slay+3}
  1201 | D:2      | Reached XP level 3. HP: 26/26 MP: 4/4
  1366 | D:2      | Found a faded altar of an unknown god.
  1496 | D:2      | Succumbed to a goblin's poison

Illustrated notes

Levels and vault maps discovered:
D:1:      heliophobic_arrival_dark_side_of_the_moon, layout_loops_corners,
          serial_shops, nicolae_shop_stone, nicolae_shop_bloodbath_and_beyond,
          nicolae_shop_stone, nicolae_shop_competitors_out_of_business
D:2:      layout_basic, ebering_ecumenical_altar_abandoned,
          minmay_increasing_density, uniq_natasha

Skill      XL: |  1  2  3 |
---------------+----------+-----
Summonings     | 2 |  2.0
Ranged Weapons | 1 2 |  2.1
Fighting       | |  1.0
Armour         | |  2.0
Shields        | |  2.0
Spellcasting   | |  1.0
Evocations     | |  3.0

Action                   || total
-------------------------++-------
Melee: Dagger            ||     4
       Short sword       ||     1
 Fire: Sling             ||    87
 Cast: Summon Small Mamm ||     4
  Use: Scroll            ||     3
       Potion            ||     3
Armor: Robe              ||    20
Dodge: Dodged            ||    39
Block: Buckler           ||    31

Table legend: (Time is in decaauts)
 A = Elapsed time spent in this place.
 B = Non-inter-level travel time spent in this place.
 C = Inter-level travel time spent in this place.
 D = Time resting spent in this place.
 E = Time spent auto-exploring this place.
 F = Levels seen in this place.
 G = Mean time per level.
                   A        B        C        D        E       F      G
               +--------+--------+--------+--------+--------+-----+--------+
         Total |   1528 |   1504 |     24 |      0 |   1244 |   2 |  764.0 |
       Dungeon |   1528 |   1504 |     24 |      0 |   1244 |   2 |  764.0 |
               +--------+--------+--------+--------+--------+-----+--------+

Top non-repeatable levels by time:
     D:1: 1027 daAuts
     D:2: 501 daAuts
